 Dungeon Crawl Stone Soup version 0.21.0 (webtiles) character file.

29 tidbits the Sneak (level 3, 1/14 HPs)
             Began as a Felid Air Elementalist on Jan 7, 2018.
             Quit the game on level 3 of the Dungeon.
             The game lasted 00:03:03 (444 turns).

tidbits the Sneak (Felid Air Elementalist)           Turns: 444, Time: 00:03:04

Health: 1/14       AC:  1    Str:  5    XL:     3   Next: 1%
Magic:  7/7        EV: 23    Int: 16    God:
Gold:   36         SH:  0    Dex: 21    Spells: 5/6 levels left
                                        Lives:  0   Deaths: 0

rFire    . . .     SeeInvis +     - Unarmed
rCold    . . .     Gourm    .   (shield unavailable)
rNeg     . . .     Faith    .   (armour unavailable)
rPois    .         Spirit   .   (helmet unavailable)
rElec    .         Reflect  .   (cloak unavailable)
rCorr    .         Harm     .   (gloves unavailable)
MR       .....                  (boots unavailable)
Stlth    ++++......             (no amulet)
HPRegen  0.04/turn              (no ring)
MPRegen  0.10/turn              (no ring)

@: agile, lethally poisoned (1 -> -13), hasted, very quick
A: very small, no armour, no weapons or thrown items, stealth, claws 1, fangs 3,
see invisible, carnivore, speed 1, shaggy fur 1, slow metabolism 1, sharp paws
a: no special abilities


You were on level 3 of the Dungeon.
You were not hungry.

You visited 1 branch of the dungeon, and saw 4 of its levels.

You collected 36 gold pieces.

Inventory:

Scrolls
 d - a scroll of enchant armour {unknown}
 f - a scroll of remove curse {unknown}
 h - a scroll of identify {unknown}
 i - a scroll of magic mapping {unknown}
 j - a scroll of fear {unknown}
Books
 a - a book of Air

   Spells                             Type                      Level
   a - Shock                          Conjuration/Air              1
   b - Swiftness                      Charms/Air                   2
   c - Static Discharge               Conjuration/Air              3
   d - Airstrike                      Air                          4
   e - Lightning Bolt                 Conjuration/Air              5
Comestibles
 b - 3 rations


   Skills:
 - Level 2.6 Dodging
 + Level 4.0 Stealth
 + Level 1.7 Unarmed Combat
 - Level 2.0 Spellcasting
 - Level 0.8 Conjurations
 - Level 2.6 Air Magic


You had 5 spell levels left.
You knew the following spells:

 Your Spells              Type           Power        Failure   Level  Hunger
a - Shock                 Conj/Air       #...         10%         1    #......


Dungeon Overview and Level Annotations

Branches:
Dungeon (4/15)
 Temple: D:4-7

Altars:
Qazlal


Innate Abilities, Weirdness & Mutations

You cannot wear armour.
You are incapable of wielding weapons or throwing items.
Your paws allow you to move quietly. (Stealth)
You have sharp claws.
You have razor-sharp teeth.
You have supernaturally acute eyesight. (SInv)
You are carnivorous and can eat meat at any time.
You cover ground quickly.
You are covered in fur. (AC +1)
You have a slow metabolism.
Your sharp claws are effective at attacking unaware monsters.


Message History

* * * LOW HITPOINT WARNING * * *
You see here 22 stones.
Casting: Shock
Confirm with . or Enter, or press ? or * to list all spells.
Aiming: Shock
Press: ? - help, Shift-Dir - straight line, f - kobold
Aim: a kobold The zap hits the bat.
You kill the bat!
The zap hits the kobold.
You kill the kobold!
You see here 22 stones.
Things that are here:
3 stones; a kobold corpse You see here 22 stones.
You open the door.
Found a stone staircase leading down.
There is an open door here.
There is a stone staircase leading down here.
You climb downwards.
Found a scroll labeled MODDEU LEMI.
Found a stone staircase leading down.
There is a stone staircase leading up here.
A leopard gecko comes into view.
Found 30 sling bullets.
You see here a scroll labeled MODDEU LEMI.
j - a scroll labeled MODDEU LEMI You see here 30 sling bullets.
Found a ration.
Found a ration.
Found a stone staircase leading up.
b - 2 rations (gained 1)
Found an ivory shortbow.
b - 3 rations (gained 1)
There is a stone staircase leading up here.
There is a stone staircase leading up here.
You climb upwards.
There is a stone staircase leading down here.
Found a stormy altar of Qazlal.
You open the door.
A goblin comes into view.
There is an open door here.
Casting: Shock
Confirm with . or Enter, or press ? or * to list all spells.
Aiming: Shock
Press: ? - help, Shift-Dir - straight line, f - goblin
Aim: a goblin (resting)
The zap hits the goblin.
You kill the goblin!
You open the door.
There is an open door here.
Unknown command.
An adder comes into view.
The helpless adder fails to defend itself.
You claw the adder!
The adder is almost dead.
The adder misses you.
Casting: Shock
Confirm with . or Enter, or press ? or * to list all spells.
Aiming: Shock
Press: ? - help, Shift-Dir - straight line The zap misses the adder.
The zap hits the adder.
You kill the adder!
Your Stealth skill increases to level 4!
You have reached level 3!
Your experience leads to an increase in your attributes!
Increase (S)trength, (I)ntelligence, or (D)exterity?
You feel stronger.
You see here an adder corpse.
Found a stone staircase leading up.
Found a scroll labeled TIWOEK OPTISS.
There is a stone staircase leading up here.
You climb upwards.
There is a stone staircase leading down here.
There is a stone staircase leading down here.
You climb downwards.
There is a stone staircase leading up here.
An adder comes into view.
The adder hisses angrily.
The adder bites you.
* * * LOW HITPOINT WARNING * * *
You are poisoned.
The adder poisons you!
You feel sick. The adder bites you.
* * * LOW HITPOINT WARNING * * *
You see here a scroll labeled TIWOEK OPTISS.
Okay, then.
Unknown command.
Unknown command.
It was a potion of cancellation.
You feel magically purged. The adder closely misses you.
It was a potion of haste.
You feel yourself speed up. The adder barely misses you. The adder bites you.
* * * LOW HITPOINT WARNING * * *
You are more poisoned.
The adder poisons you!
It was a potion of agility.
You feel agile all of a sudden.
* * * LOW HITPOINT WARNING * * *
You feel sick.
Are you sure you want to abandon this character and quit the game? (Confirm with "yes".)

#.# ##..# ##...
#.#####...# #....
#.##......###.....
#.##........+.....
#.......<####.....
#.........# ##...†
#..#...#..# ##...
#..###.#..# ##..
#@S# #.#..# ##+
#.........#
##........#
###....... .#.##
.#.# #


You could see an adder.

Vanquished Creatures
  2 adders
  2 bats
  A giant cockroach (D:1)
  4 goblins
  A frilled lizard (D:1)
  2 kobolds
12 creatures vanquished.

Notes
Turn   | Place    | Note
-------+----------+-------------------------------------------
     0 | D:1      | tidbits the Felid Air Elementalist began the quest for the Orb.
     0 | D:1      | Reached XP level 1. HP: 7/7 MP: 4/4
    77 | D:1      | Reached skill level 3 in Stealth
   167 | D:1      | Reached skill level 1 in Unarmed Combat
   285 | D:2      | Reached XP level 2. HP: 5/11 MP: 6/6
   357 | D:3      | Found a stormy altar of Qazlal.
   402 | D:3      | Reached skill level 4 in Stealth
   402 | D:3      | Reached XP level 3. HP: 8/14 MP: 5/7
   443 | D:3      | HP: 1/14 [poisoned by an adder]
   444 | D:3      | Quit the game

Skill      XL: |  1  2 |
---------------+-------+-----
Stealth        | 3 4 |  4.0
Unarmed Combat | 1 |  1.7
Dodging        | |  2.6
Spellcasting   | |  2.0
Conjurations   | |  0.8
Air Magic      | |  2.6

Action                   || total
-------------------------++-------
Melee: Unarmed           ||     9
 Cast: Shock             ||    10
  Use: Potion            ||     3
 Stab: Sleeping          ||     3
Dodge: Dodged            ||     8

Table legend:
 A = Turns spent in this place as a percentage of turns spent in the entire game.
 B = Non-inter-level travel turns spent in this place as a percentage of non-inter-level travel turns spent in the entire game.
 C = Inter-level travel turns spent in this place as a percentage of turns spent in this place.
 D = Turns resting spent in this place as a percentage of non-inter-level travel turns spent in this place.
 E = Turns spent auto-exploring this place as a percentage of non-inter-level travel turns spent in this place.
 F = Non-inter-level travel turns spent in this place divided by the number of levels of this place that you've seen.
                   A       B       C       D       E      F
               +-------+-------+-------+-------+-------+----------------------
         Total | 100.0 | 100.0 |   0.0 |   0.0 |   0.0 | 111.0
       Dungeon | 100.0 | 100.0 |   0.0 |   0.0 |   0.0 | 111.0
               +-------+-------+-------+-------+-------+----------------------

Table legend:
 A = Kills in this place as a percentage of kills in entire the game.
 B = Kills by you in this place as a percentage of kills by you in the entire game.
 C = Kills by friends in this place as a percentage of kills by friends in the entire game.
 D = Other kills in this place as a percentage of other kills in the entire game.
 E = Experience gained in this place as a percentage of experience gained in the entire game.
 F = Experience gained in this place divided by the number of levels of this place that you have seen.
                   A       B       C       D       E      F
               +-------+-------+-------+-------+-------+----------------------
         Total | 100.0 | 100.0 |   N/A |   N/A | 100.0 |  10.5
       Dungeon | 100.0 | 100.0 |   N/A |   N/A | 100.0 |  10.5
               +-------+-------+-------+-------+-------+----------------------

Vault maps used:
D:1:      dpeg_arrival_pits
D:2:      nicolae_qazlal_eye_of_the_storm
D:3:      wad_lake_hut, eat_drink_and_be_merry_uskayaw, lemuel_crystal_altar
D:4:      kennysheep_mini, first_ration
